 Dungeon Crawl Stone Soup version 0.26-a0-652-gafc20e3620 (webtiles) character file.

Game seed: 548734986374497379

38 DoubleLucky the Caller (level 3, -2/19 HPs)
             Began as a Tengu Summoner on Oct 2, 2020.
             Slain by Sigmund
             ... wielding a +3 scythe of venom
              (7 damage)
             ... on level 2 of the Dungeon.
             The game lasted 00:11:11 (1987 turns).

DoubleLucky the Caller (Tengu Summoner)             Turns: 1987, Time: 00:11:11

Health: -2/19      AC:  2    Str: 14    XL:     3   Next: 43%
Magic:  2/8        EV: 12    Int: 16    God:
Gold:   106        SH:  0    Dex: 14    Spells: 4/7 levels left

rFire    + . .     SeeInvis .   j - +0 spear
rCold    . . .     Faith    .   (no shield)
rNeg     . . .     Spirit   .   a - +0 robe
rPois    .         Reflect  .   (helmet restricted)
rElec    .         Harm     .   (no cloak)
rCorr    .         Rampage  .   (no gloves)
MR       .....                  (boots unavailable)
Stlth    ++........             (no amulet)
HPRegen  0.06/turn              n - ring of protection from fire
MPRegen  0.11/turn              i - +6 ring of strength

@: lethally poisoned (-2 -> -15)
A: beak, talons 3
a: no special abilities


You were on level 2 of the Dungeon.
You visited 1 branch of the dungeon, and saw 2 of its levels.

You collected 106 gold pieces.

Inventory:

Hand Weapons
 b - a +0 dagger
 j - a +0 spear (weapon)
Armour
 a - a +0 robe (worn)
Jewellery
 i - a +6 ring of strength (right hand)
 n - a ring of protection from fire (left hand)
Wands
 o - a wand of digging (4)
 p - a wand of acid (6)
Scrolls
 c - 2 scrolls of teleportation {unknown}
 d - 2 scrolls of enchant armour {unknown}
 e - 3 scrolls of magic mapping {unknown}
 f - 2 scrolls of immolation {unknown}
 g - 2 scrolls of fear {unknown}
 k - 3 scrolls of identify {unknown}
 m - a scroll of noise {unknown}
Potions
 h - a potion of ambrosia {unknown}
 l - 2 potions of curing


   Skills:
 + Level 1.2 Polearms
 - Level 2.1 Dodging
 - Level 2.0 Stealth
 + Level 2.6 Spellcasting
 + Level 5.4 Summonings


You had 4 spell levels left.
You knew the following spells:

 Your Spells              Type           Power        Failure   Level
a - Summon Small Mammal   Summ           ###.         1%          1
b - Call Imp              Summ           ###.....     3%          2

Your spell library contained the following spells:

 Spells                   Type           Power        Failure   Level
 Call Canine Familiar     Summ           ###.....     6%          3
 Summon Guardian Golem    Hex/Summ       ##......     19%         3
 Summon Ice Beast         Ice/Summ       ##......     54%         4
 Summon Lightning Spire   Summ/Air       ##......     54%         4


Dungeon Overview and Level Annotations

Branches:
Dungeon (2/15)

Altars:

Annotations:
D:2 Sigmund


Innate Abilities, Weirdness & Mutations

You have a beak for a mouth.
You have claws for feet.


Message History

Your crimson imp blinks!
Your bat misses something.
Your bat closely misses something.
Something misses your bat.
Your quokka dies!
Your quokka's corpse disappears in a puff of smoke!
Your bat hits something but does no damage.
Your bat misses something.
Your bat disappears in a puff of smoke!
Something hits you!
Ouch! That really hurt!
* * * LOW HITPOINT WARNING * * *
You are lethally poisoned!
It was a potion of curing.
You feel better. Something hits you!
You are lethally poisoned!
Press: ? - help, Dir - move target cursor You reach to attack!
You hit something but do no damage.
* * * LOW HITPOINT WARNING * * *
You feel sick. Something hits you!
You die...

## #.#.# #..#.# #........#.#
#####.#.# #..#†# #........#.#
....#.#.#.#.# #..#.# #........#.#
#.......#.#..##..#.# #........#.#
#.......#.##.##..#.# #........#.#
#.......#.##..#..#.# #........#.#
###.#.#.......#..#.# ########.#.#
#.#.#..........#.####.........#
#.#.#.......{5@...............#
###.#.#......#rr##.#............#
......#.##.###..##.#.##.........#
......†......#..##.#<..###..#.#.#
...#.###.###.#..##.#.#......#.#.#
...#... ##...##(##.#.#####.#....#
##.###.#?# #...>...#)# #.#..###
#..#.... #.........# #.#..###
##.###.#.###.........# #.#.....


You could see a friendly crimson imp (summoned), a friendly quokka (summoned)
and a friendly rat (summoned).

Vanquished Creatures
  A dart slug (D:1)
  2 hobgoblins (D:2)
  A quokka (D:2)
  3 bats
  A frilled lizard (D:2)
  3 rats
11 creatures vanquished.

Vanquished Creatures (collateral kills)
  An adder (D:2)
  An ooze (D:2)
  2 bats (D:1)
  3 goblins (D:2)
  2 hobgoblins
  7 jackals (D:1)
  3 kobolds (D:1)
  A frilled lizard (D:1)
  4 rats
24 creatures vanquished.

Grand Total: 35 creatures vanquished

Notes
Turn   | Place    | Note
-------+----------+-------------------------------------------
     0 | D:1      | DoubleLucky the Tengu Summoner began the quest for the Orb.
     0 | D:1      | Reached XP level 1. HP: 10/10 MP: 4/4
   287 | D:1      | Reached skill level 5 in Summonings
   385 | D:1      | Reached XP level 2. HP: 14/15 MP: 4/6
   389 | D:1      | Learned a level 2 spell: Call Imp
  1086 | D:2      | Noticed Sigmund
  1435 | D:2      | Reached XP level 3. HP: 19/19 MP: 5/7
  1709 | D:2      | Reached skill level 1 in Polearms
  1987 | D:2      | Slain by Sigmund

Illustrated notes

Levels and vault maps discovered:
D:1:      minmay_arrival_checkered_box, layout_loops_ring
D:2:      layout_basic, minmay_indecisive_spiral, uniq_sigmund

Skill      XL: |  1  2  3 |
---------------+----------+-----
Summonings     | 5 |  5.4
Polearms       | 1 |  1.2
Dodging        | |  2.1
Stealth        | |  2.0
Spellcasting   | |  2.6

Action                   || total
-------------------------++-------
Melee: Dagger            ||     3
       Spear             ||    34
       Kick              ||     6
       Peck              ||     4
 Cast: Summon Small Mamm ||    38
       Call Imp          ||    14
  Use: Potion            ||     1
 Stab: Sleeping          ||     2
       Distracted        ||     1
Armor: Robe              ||     3
Dodge: Dodged            ||    21

Table legend: (Time is in decaauts)
 A = Elapsed time spent in this place.
 B = Non-inter-level travel time spent in this place.
 C = Inter-level travel time spent in this place.
 D = Time resting spent in this place.
 E = Time spent auto-exploring this place.
 F = Levels seen in this place.
 G = Mean time per level.
                   A        B        C        D        E       F      G
               +--------+--------+--------+--------+--------+-----+--------+
         Total |   1987 |   1983 |      4 |    210 |    954 |   2 |  993.5 |
       Dungeon |   1987 |   1983 |      4 |    210 |    954 |   2 |  993.5 |
               +--------+--------+--------+--------+--------+-----+--------+

Top non-repeatable levels by time:
     D:1: 1017 daAuts
     D:2: 969 daAuts
